 Dungeon Crawl Stone Soup version 0.25.1-2-g60ff931df9 (webtiles) character file.

Game seed: 3783367231213705967

53 DerDa the Grave Robber (level 3, -1/24 HPs)
             Began as a Vampire Necromancer on Oct 2, 2020.
             Slain by an adder (3 damage)
             ... on level 2 of the Dungeon.
             The game lasted 00:04:31 (1258 turns).

DerDa the Grave Robber (Vampire Necromancer)        Turns: 1258, Time: 00:04:32

Health: -1/24      AC:  2    Str:  7    XL:     3   Next: 62%
Magic:  7/7        EV: 12    Int: 18    God:
Gold:   11         SH:  0    Dex: 14    Spells: 3/8 levels left

rFire    . . .     SeeInvis +   j - +0 broad axe
rCold    . . .     Gourm    .   (no shield)
rNeg     . . .     Faith    .   a - +0 robe
rPois    .         Spirit   .   (no helmet)
rElec    .         Reflect  .   (no cloak)
rCorr    .         Harm     .   (no gloves)
MR       .....                  (no boots)
Stlth    ++........             (no amulet)
HPRegen  0.28/turn              (no ring)
MPRegen  0.10/turn              (no ring)

@: lethally poisoned (-1 -> -1), regenerating quickly
A: no food, fangs 3, see invisible, unbreathing
a: Exsanguinate


You were on level 2 of the Dungeon.
You were alive.

You visited 1 branch of the dungeon, and saw 2 of its levels.

You collected 11 gold pieces.

Inventory:

Hand Weapons
 d - a +0 hand axe
 j - a +0 broad axe (weapon)
Missiles
 c - 70 stones (quivered)
 g - 19 bolts
 i - 7 poisoned darts
Armour
 a - a +0 robe (worn)
Scrolls
 f - a scroll of immolation {unknown}
 h - 2 scrolls of random uselessness {unknown}
Potions
 e - a potion of resistance {unknown}


   Skills:
 - Level 2.1 Dodging
 - Level 3.0 Stealth
 * Level 3.0 Spellcasting
 * Level 5.2 Necromancy


You had 3 spell levels left.
You knew the following spells:

 Your Spells              Type           Power        Failure   Level  Hunger
a - Pain                  Necr           ###.         1%          1    N/A
b - Animate Skeleton      Necr           N/A          1%          1    N/A
c - Vampiric Draining     Necr           ###.......   6%          3    N/A

Your spell library contained the following spells:

 Spells                   Type           Power        Failure   Level  Hunger
 Animate Dead             Necr           N/A          19%         4    N/A
 Agony                    Necr           ###.....     47%         5    N/A

Dungeon Overview and Level Annotations

Branches:
Dungeon (2/15)

Altars:


Innate Abilities, Weirdness & Mutations

You do not eat.
Your natural rate of healing is unusually fast.
You have razor-sharp teeth.
You have supernaturally acute eyesight. (SInv)
You can survive without breathing.


Message History

Aiming: Pain (safe; 1% risk of failure)
Press: ? - help, Shift-Dir - straight line, f/p - adder
Aim: an adder (moderately wounded, chance to defeat MR: 86%)
The adder barely resists.
You feel sick. The adder bites you.
* * * LOW HITPOINT WARNING * * *
The giant cockroach bites you but does no damage.
You feel sick. The adder bites you.
* * * LOW HITPOINT WARNING * * *
Casting: Pain (safe; 1% risk of failure)
Confirm with . or Enter, or press ? or * to list all spells.
Aiming: Pain (safe; 1% risk of failure)
Press: ? - help, Shift-Dir - straight line, f/p - adder
Aim: an adder (moderately wounded, chance to defeat MR: 86%)
The adder writhes in agony.
The adder barely misses you.
Casting: Pain (safe; 1% risk of failure)
Confirm with . or Enter, or press ? or * to list all spells.
You don't have enough magic to cast that spell.
Unknown command.
It was a potion of magic.
Magic courses through your body. The adder bites you.
You die...

.......#...
.......... ##.#
....<..... ....
....).... #..#
....... #..# ....#
#.. #..# ###.#
#..###.#†#
#.sS@.#..########
#.##.###........# #.
##.#.#.#####.#### #.
...#.#####..... ..
.....#.##....#
#########.##.##.#####
#........##...
#.......)##...
#+######.†..#.


You could see an adder and a giant cockroach.

Vanquished Creatures
  2 adders (D:2)
  An ooze (D:2)
  A dart slug (D:1)
  A ball python (D:1)
  2 bats (D:1)
  3 giant cockroaches
  3 hobgoblins
  4 kobolds
  2 quokkas (D:2)
  2 frilled lizards
  3 goblins
  5 rats (D:1)
29 creatures vanquished.

Notes
Turn   | Place    | Note
-------+----------+-------------------------------------------
     0 | D:1      | DerDa the Vampire Necromancer began the quest for the Orb.
     0 | D:1      | Reached XP level 1. HP: 13/13 MP: 3/3
   317 | D:1      | Reached XP level 2. HP: 17/19 MP: 1/5
   471 | D:1      | Learned a level 1 spell: Animate Skeleton
   985 | D:2      | Reached skill level 5 in Necromancy
   985 | D:2      | Reached XP level 3. HP: 19/24 MP: 2/7
   991 | D:2      | Learned a level 3 spell: Vampiric Draining
  1258 | D:2      | Slain by an adder

Illustrated notes

Levels and vault maps discovered:
D:1:      lightli_arrival_quake, layout_basic, grunt_decor_fettered
D:2:      minmay_wonky_spiral, layout_loops_cross,
          gammafunk_temple_overflow_forgotten, first_ration,
          nemelex_lonely_heart_becter

Skill      XL: |  1  2  3 |
---------------+----------+-----
Necromancy     | 5 |  5.2
Spellcasting   | 3 |  3.0
Dodging        | |  2.1
Stealth        | |  3.0

Action                   || total
-------------------------++-------
Melee: Hand axe          ||     2
 Cast: Pain              ||    49
       Animate Skeleton  ||     2
       Vampiric Draining ||     1
  Use: Potion            ||     1
Armor: Robe              ||     6
Dodge: Dodged            ||    11
